 Dungeon Crawl Stone Soup version 0.30.1-11-g7821555f0a (webtiles) character file.

Game seed: 6358351837004500964

4 lonewolfV2 the Shield-Bearer (level 1, 0/18 HPs)
             Began as a Formicid Fighter on Nov 15, 2023.
             Slain by a jackal (2 damage)
             ... on level 1 of the Dungeon.
             The game lasted 00:00:49 (206 turns).

lonewolfV2 the Shield-Bearer (Formicid Fighter)      Turns: 206, Time: 00:00:49

Health: 0/18       AC:  6    Str: 20    XL:     1   Next: 77%
Magic:  1/1        EV:  9    Int:  7    God:
Gold:   10         SH:  5    Dex: 13    Spells: 0/0 levels left

rFire   . . .        a - +0 war axe
rCold   . . .        c - +0 buckler
rNeg    . . .        b - +0 scale mail
rPois   .            (helmet unavailable)
rElec   .            (no cloak)
rCorr   .            (no gloves)
SInv    +            (no boots)
Will    .....        (no amulet) Stlth
                     (no ring)
HPRegen 0.23/turn    (no ring)
MPRegen 0.07/turn

%: no passive effects
@: no status effects
A: permanent stasis, dig shafts and tunnels, antennae 3, four strong arms
a: Dig, Shaft Self


You were on level 1 of the Dungeon.
You visited 1 branch of the dungeon, and saw 1 of its levels.

You collected 10 gold pieces.

Inventory:

Hand Weapons
 a - a +0 war axe (weapon)
Armour
 b - a +0 scale mail (worn)
 c - a +0 buckler (worn)
Scrolls
 e - a scroll of silence {unknown}
 f - a scroll of fog {unknown}
 g - a scroll of identify {unknown}
Potions
 d - a potion of might


   Skills:
 + Level 3.4 Fighting
 * Level 2.3 Axes
 - Level 3.2 Armour
 - Level 4.0 Shields


You couldn't memorise any spells.
You didn't know any spells.
Your spell library was empty.

Dungeon Overview and Level Annotations

Branches:
Dungeon (1/15)

Altars:


Innate Abilities, Weirdness & Mutations

You cannot be hasted, slowed, berserked, paralysed or teleported.
You can dig through walls and to a lower floor.
You have a pair of large antennae on your head. (SInv)
Your four strong arms can wield two-handed weapons with a shield.


Message History

You hit the goblin. You barely miss the jackal. You hit the jackal.
The jackal barely misses you. The jackal closely misses you.
The goblin hits you with a +0 club.
The jackal bites you but does no damage. x3
The goblin hits you but does no damage.
You barely miss the jackal.
The jackal is moderately wounded.
You barely miss the jackal. You hit the goblin.
You kill the goblin!
You closely miss the jackal. You hit the jackal.
You kill the jackal!
The jackal closely misses you. The jackal barely misses you.
The jackal bites you. The jackal closely misses you.
The jackal bites you but does no damage.
The jackal barely misses you.
Found 4 gold pieces.
The quokka closely misses you. The jackal completely misses you.
The quokka bites you.
You barely miss the quokka. You hit the jackal but do no damage.
You hit the jackal.
The jackal barely misses you. x2; The quokka bites you.
* * * LOW HITPOINT WARNING * * *
You block the jackal's attack. The jackal closely misses you.
You miss the quokka. You barely miss the jackal. You hit the jackal.
You block the jackal's attack. The quokka closely misses you.
The jackal bites you.
* * * LOW HITPOINT WARNING * * *
The jackal bites you but does no damage. x2
The quokka closely misses you. The jackal attacks as you move away!
The jackal bites you but does no damage.
Found a lumpy emerald potion.
The quokka bites you.
* * * LOW HITPOINT WARNING * * *
The quokka attacks as you move away! You block the quokka's attack.
The quokka barely misses you. The jackal bites you.
* * * LOW HITPOINT WARNING * * *
You block the jackal's attack.
The quokka bites you but does no damage.
You slash the jackal!
You kill the jackal!
You closely miss the jackal. You hit the quokka. The jackal bites you.
You die...

##### .....
...... ......###
.....!h.#
.....##@#
.....rr.#
$.#.#..h#
#.....##
#.#....####
###.#.###.....###
.................
###.#.##.........
#.##.........


You could see a quokka, 2 jackals and a rat.

Vanquished Creatures
  A goblin (D:1)
  2 jackals (D:1)
  A quokka (D:1)
  A rat (D:1)
5 creatures vanquished.

Notes
Turn   | Place    | Note
-------+----------+-------------------------------------------
     0 | D:1      | lonewolfV2 the Formicid Fighter began the quest for the
                  | Orb.
     0 | D:1      | Reached XP level 1. HP: 18/18 MP: 1/1
    18 | D:1      | Found a faded altar of an unknown god.
   206 | D:1      | Slain by a jackal

Illustrated notes

Levels and vault maps discovered:
D:1:      minmay_arrival_up_and_down, layout_basic,
          dreamdust_ecumenical_altar_hidden_monk_grotto

Action                     || total
---------------------------++-------
  Melee: War axe           ||     9
 Armour: Scale mail        ||    16
  Dodge: Dodged            ||    20
  Block: Buckler           ||     8
